 Dungeon Crawl Stone Soup version 0.18-a0-123-g3323726 (webtiles) character file.

8064 Proton the Fighter (level 11, -11/63 HPs)
             Began as a Gargoyle Fighter on Nov 20, 2015.
             Was a High Priest of Cheibriados.
             Mangled by a komodo dragon (21 damage)
             ... on level 11 of the Dungeon.
             The game lasted 00:21:46 (8999 turns).

Proton the Fighter (Gargoyle Fighter)               Turns: 8999, Time: 00:21:46

Health: -11/63     AC: 25    Str: 36    XL:     11   Next: 25%
Magic:  11/11      EV: 13    Int: 21    God:    Cheibriados [*****.]
Gold:   657        SH: 15    Dex: 19    Spells: 0 memorised, 10 levels left

rFire  + . .     SeeInvis +     C - +6 mace of an ossuary {freeze, rPois}
rCold  . . .     Clarity  .     v - +4 ring mail "Bixe" {Stlth+}
rNeg   + . .     SustAt   .     c - +1 shield
rPois  ∞         Gourm    .     t - +2 hat
rElec  +         Spirit   .     E - +2 cloak
rCorr  .         Warding  .     (no gloves)
rMut   .         Stasis   .     N - +0 pair of boots
MR     .....                    x - amulet of rage
Stlth  +++.......               D - ring of see invisible
                                h - ring of protection from fire

@: about to teleport, flying, very slow, not resistant to hostile enchantments,
fairly stealthy
A: big wings, horns 1, camouflage 1, clumsy 2, frail 1, negative energy
resistance 1, electricity resistance, spit poison 1, unbreathing, petrification
resistance, rot immunity, MP-powered wands, AC +7
a: Spit Poison, Stop Flying, Bend Time, Temporal Distortion, Slouch, Step From
Time, Renounce Religion, Evoke Berserk Rage


You were on level 11 of the Dungeon.
You worshipped Cheibriados.
Cheibriados was extremely pleased with you.
You were not hungry.

You visited 1 branch of the dungeon, and saw 11 of its levels.

You collected 692 gold pieces.
You spent 35 gold pieces at shops.

Inventory:

Hand Weapons
 C - the +6 mace of an ossuary (weapon) {freeze, rPois}
   (You found it on level 6 of the Dungeon)

   It has been specially enchanted to freeze those struck by it, causing extra
   injury to most foes and up to half again as much damage against particularly
   susceptible opponents.
   It can also slow down cold-blooded creatures.
   It protects you from poison.
Missiles
 H - 7 javelins (quivered)
Armour
 c - a +1 shield (worn)
 t - a +2 hat (worn)
 v - the +4 ring mail "Bixe" (worn) {Stlth+}
   (You found it on level 4 of the Dungeon)

   It makes you more stealthy.
 E - a +2 cloak (worn)
 N - a +0 pair of boots (worn)
Jewellery
 h - a ring of protection from fire (left hand)
 x - an amulet of rage (around neck)
 D - a ring of see invisible (right hand)
 L - an uncursed amulet of resist corrosion {unknown}
Scrolls
 g - 6 scrolls of teleportation
 i - 4 scrolls of remove curse
 j - 3 scrolls of amnesia
 l - a scroll of fog {unknown}
 q - a scroll of enchant armour
 s - a scroll of magic mapping {unknown}
 u - a scroll of fear {unknown}
 y - 2 scrolls of immolation
 B - 2 scrolls of noise
 F - a scroll of recharging {unknown}
 K - a scroll of holy word {unknown}
 M - a scroll of enchant weapon {unknown}
 P - a scroll of random uselessness {unknown}
Potions
 b - 3 potions of brilliance {unknown}
 d - 2 potions of might
 k - 5 potions of curing
 m - 3 potions of ambrosia
 o - 8 potions of heal wounds
 p - 5 potions of lignification
 r - a potion of flight
 w - 2 potions of cancellation
 z - 2 potions of invisibility {unknown}
 G - 2 potions of berserk rage
 I - a potion of resistance
 O - a potion of magic {unknown}
Books
 a - a book of Enchantments

   Spells                             Type                      Level
   a - Cause Fear                     Hexes                        4
   b - Silence                        Hexes/Air                    5
   c - Deflect Missiles               Charms/Air                   6
   d - Haste                          Charms                       6
   e - Discord                        Hexes                        8
 J - a book of Annihilations

   Spells                             Type                      Level
   a - Poison Arrow                   Conjuration/Poison           6
   b - Chain Lightning                Conjuration/Air              8
   c - Lehudib's Crystal Spear        Conjuration/Earth            8
   d - Glaciate                       Conjuration/Ice              9
   e - Fire Storm                     Conjuration/Fire             9
Comestibles
 e - 10 bread rations
 f - 5 fruits
 n - 2 beef jerkies
 A - 2 meat rations
 Q - a mutagenic chunk of flesh


   Skills:
 + Level 9.4 Fighting
 + Level 9.4 Maces & Flails
 + Level 9.2 Armour
 + Level 3.6 Dodging
 + Level 9.3 Shields
 + Level 0.4 Invocations


You had 10 spell levels left.
You didn't know any spells.

Dungeon Overview and Level Annotations

Branches:
Dungeon (11/15)            Temple (0/1) D:4             Orc (0/4) D:9
   Lair: D:8-11

Altars:
Cheibriados
Elyvilon
Fedhas
Gozag
Makhleb
Nemelex Xobeh
Zin

Shops:
D:4 (!   D:5 *   D:9 %


Innate Abilities, Weirdness & Mutations

You are resistant to torment.
Your stone body is resilient (AC +7).
You are immune to poison.
You resist negative energy.
You are resistant to electric shocks.
You can survive without breathing.
You are immune to petrification.
You are immune to rotting.
Your large and strong wings let you fly indefinitely.
You have a pair of small horns on your head.
Your skin changes colour to match your surroundings (Stealth).
You are very clumsy. (Dex -4)
You are frail (-10% HP).
You can spit weak poison.
You expend magic power (3 MP) to strengthen your wands.


Message History

You block the giant frog's attack.
The komodo dragon bites you but does no damage.
You block the crocodile's attack.
You thump the iguana! You freeze the iguana.
The iguana explodes!
The fiery explosion engulfs the giant frog.
The giant frog explodes!
The fiery explosion engulfs you! You resist.
Cheibriados thoroughly appreciates the change of pace.
The fiery explosion engulfs the crocodile.
The crocodile is almost dead.
The fiery explosion engulfs you! You resist.
* * * LOW HITPOINT WARNING * * *
The fiery explosion engulfs the komodo dragon.
The komodo dragon is almost dead.
Cheibriados appreciates the change of pace.
You are engulfed in roaring flames.
You resist.
* * * LOW HITPOINT WARNING * * *
The komodo dragon bites you!!
You die...

++###......#######..........[
#............#...........
#.#####......######+##### #.
#.......... #. #.......... #.
#.......... #§§§.......
#§§t....... #####§@l.......
................
................
................
................
...#............
##...........$..
###............ #............


You could see a komodo dragon (inner flame) and a crocodile (inner flame).

Vanquished Creatures
  Sonja (D:10)
  Psyche (D:11)
  3 trolls
  A blink frog (D:11)
  A wyvern (D:11)
  A wraith (D:10)
  6 yaks (D:9)
  2 hungry ghosts
  Menkaure (D:7)
  Duvessa (D:7)
  An ice beast (D:11)
  4 sky beasts
  2 orc warriors
  3 ogres
  2 phantoms
  2 black bears
  3 centaurs
  4 giant frogs
  A crocodile (D:11)
  2 big kobolds
  A gnoll sergeant (D:11)
  Dowan (D:7)
  3 scorpions
  7 killer bees (D:9)
  5 wights (D:11)
  4 crimson imps
  4 hounds
  A giant frog zombie (D:11)
  3 jellies
  2 gnoll shamans (D:8)
  Crazy Yiuf (D:6)
  2 centaur skeletons
  3 giant frog skeletons
  4 iguanas
  6 orc wizards
  14 worker ants
  2 killer bee zombies
  A hound skeleton (D:7)
  2 hound zombies (D:5)
  4 worker ant zombies
  11 adders
  13 gnolls
  5 shadow imps
  An ooze (D:7)
  4 adder skeletons
  An adder zombie (D:7)
  2 worms
  2 giant geckos
  41 orcs
  5 bats
  4 giant cockroaches
  8 goblins
  19 hobgoblins
  6 jackals
  21 kobolds
  3 quokkas
  A giant gecko skeleton (D:6)
  2 giant newts
  A quokka zombie (D:5)
  8 rats
270 creatures vanquished.

Notes
Turn   | Place    | Note
--------------------------------------------------------------
     0 | D:1      | Proton the Gargoyle Fighter began the quest for the Orb.
     0 | D:1      | Reached XP level 1. HP: 14/14 MP: 1/1
   114 | D:1      | Reached XP level 2. HP: 19/19 MP: 2/2
   359 | D:1      | Reached XP level 3. HP: 23/23 MP: 3/3
   986 | D:2      | Found a white marble altar of Elyvilon.
  1202 | D:2      | Reached XP level 4. HP: 29/29 MP: 4/4
  1577 | D:3      | Gained mutation: Your magical capacity is low (-10% MP). [potion of mutation]
  1577 | D:3      | Gained mutation: Your skin changes colour to match your surroundings (Stealth). [potion of mutation]
  1577 | D:3      | Gained mutation: You expend magic power (3 MP) to strengthen your wands. [potion of mutation]
  1886 | D:4      | HP: 1/29 [killer bee zombie (3)]
  2196 | D:4      | Reached skill level 4 in Armour
  2196 | D:4      | Reached XP level 5. HP: 27/33 MP: 4/4
  2411 | D:4      | Reached XP level 6. HP: 34/38 MP: 5/5
  2649 | D:4      | Found Reapi's Antique Weapon Shop.
  2705 | D:4      | Got a twisted ring mail
  2717 | D:4      | Identified the +4 ring mail "Bixe" {Stlth+} (You found it on level 4 of the Dungeon)
  2723 | D:4      | Found a staircase to the Ecumenical Temple.
  2805 | D:4      | Reached skill level 5 in Maces & Flails
  3016 | D:4      | Found Ihirut's Distillery.
  3021 | D:4      | Bought a potion of mutation for 35 gold pieces
  3021 | D:4      | Gained mutation: You are clumsy. (Dex -2) [potion of mutation]
  3021 | D:4      | Lost mutation: Your magical capacity is low (-10% MP). [potion of mutation]
  3021 | D:4      | Gained mutation: You can spit weak poison. [potion of mutation]
  3114 | D:4      | Reached XP level 7. HP: 29/44 MP: 7/7
  3209 | D:5      | Entered Level 5 of the Dungeon
  3474 | D:5      | Found Arot Ece's General Store.
  3514 | D:5      | Reached skill level 5 in Fighting
  3606 | D:5      | Reached skill level 5 in Armour
  3614 | D:5      | Reached skill level 5 in Shields
  3680 | D:5      | Found a blossoming altar of Fedhas.
  4278 | D:6      | Reached skill level 6 in Maces & Flails
  4278 | D:6      | Reached XP level 8. HP: 45/50 MP: 8/8
  4406 | D:6      | Found a snail-covered altar of Cheibriados.
  4411 | D:6      | Became a worshipper of Cheibriados the Contemplative
  4482 | D:6      | Noticed Crazy Yiuf
  4493 | D:6      | Killed Crazy Yiuf
  4509 | D:6      | Got a brightly glowing mace
  4510 | D:6      | Identified the +6 mace of an ossuary {freeze, rPois} (You found it on level 6 of the Dungeon)
  4512 | D:6      | Gained mutation: You are frail (-10% HP). [potion of mutation]
  4512 | D:6      | Gained mutation: You have a pair of small horns on your head. [potion of mutation]
  5171 | D:7      | Noticed Dowan
  5174 | D:7      | Noticed Duvessa
  5180 | D:7      | Killed Dowan
  5191 | D:7      | Killed Duvessa
  5191 | D:7      | Reached * piety under Cheibriados
  5212 | D:7      | Noticed Menkaure
  5218 | D:7      | Killed Menkaure
  5418 | D:7      | Reached XP level 9. HP: 50/50 MP: 9/9
  5465 | D:7      | Reached skill level 7 in Maces & Flails
  5640 | D:7      | Reached ** piety under Cheibriados
  5877 | D:7      | Found a burning altar of Makhleb.
  5887 | D:7      | Found a glowing silver altar of Zin.
  5887 | D:7      | Noticed an angel
  5888 | D:7      | Noticed a blizzard demon
  6053 | D:7      | Found a sparkling altar of Nemelex Xobeh.
  6053 | D:7      | Found an opulent altar of Gozag.
  6225 | D:8      | Reached *** piety under Cheibriados
  7244 | D:9      | Reached **** piety under Cheibriados
  7418 | D:9      | Reached skill level 8 in Maces & Flails
  7422 | D:9      | Reached skill level 1 in Dodging
  7422 | D:9      | Reached XP level 10. HP: 36/57 MP: 10/10
  7539 | D:9      | Found a staircase to the Orcish Mines.
  7836 | D:9      | Found Fuplu's Food Emporium.
  8123 | D:10     | Entered Level 10 of the Dungeon
  8179 | D:10     | Reached ***** piety under Cheibriados
  8260 | D:10     | Gained mutation: You are very clumsy. (Dex -4) [mutagenic meat]
  8262 | D:10     | Gained mutation: Your large and strong wings let you fly indefinitely. [mutagenic meat]
  8484 | D:10     | Noticed Sonja
  8487 | D:10     | Reached skill level 9 in Maces & Flails
  8739 | D:10     | Killed Sonja
  8779 | D:11     | Reached XP level 11. HP: 58/63 MP: 11/11
  8829 | D:11     | Noticed Psyche
  8838 | D:11     | Killed Psyche
  8999 | D:11     | Mangled by a komodo dragon

Vault maps used:
D:1:      dpeg_arrival_orchard, minmay_misc_feat_enclosed,
          minmay_misc_feat_encased, minmay_misc_feat_chi, minivault_11,
          supply_closet_lemuel, kennysheep_small_spiral
D:2:      old_standard_altar
D:4:      black_bear_nest_1, temple_pool_b, first_bread, serial_shops,
          shop_statue, shop
D:5:      lemuel_crystal_altar, serial_shops, shop_statue
D:6:      lemuel_doored_altar, minivault_24, uniq_crazy_yiuf_cottage
D:7:      corexii_shantytown, grunt_temple_overflow_opulence,
          grunt_temple_overflow_order_and_chaos_2, uniq_menkaure, uniq_duvessa
D:9:      orc_0_dummy, serial_shops, nicolae_shop_waterfront
D:10:     uniq_sonja
D:11:     evilmike_iron_armoury, dpeg_lair_monsters, grunt_livestock,
          kennysheep_generic_room_15, uniq_psyche

Action                   |  1- 3 |  4- 6 |  7- 9 | 10-12 || total
-------------------------+-------+-------+-------+-------++-------
Melee: Flail             |   120 |   196 |   153 |       ||   469
       Mace              |       |       |   251 |   200 ||   451
 Abil: Evoke Berserk Rag |       |     1 |     1 |       ||     2
       Spit Poison       |       |       |     2 |       ||     2
       Fly               |       |       |       |     1 ||     1
  Use: Scroll            |       |     6 |     2 |     8 ||    16
       Potion            |       |     2 |     1 |       ||     3
 Stab: Sleeping          |       |     1 |    20 |     7 ||    28
  Eat: Meat ration       |       |     1 |     2 |     2 ||     5
       Pizza             |       |     1 |       |       ||     1
       Royal jelly       |       |       |     2 |       ||     2
       Chunk             |       |       |       |     4 ||     4
       Fruit             |       |       |       |     2 ||     2
